 Dungeon Crawl Stone Soup version 0.32-a0-938-g40ac7a0f4d (webtiles) character file.

Game seed: 12894951162205957538

42 DrunkBamboolord the Conjurer (level 3, -3/28 HPs)
             Began as a Draconian Conjurer on Apr 14, 2024.
             Was a Follower of Vehumet.
             Slain by a phantom (5 damage)
             ... on level 3 of the Dungeon on Apr 15, 2024.
             The game lasted 00:03:53 (2007 turns).

DrunkBamboolord the Conjurer (Draconian Conjurer)   Turns: 2007, Time: 00:03:54

Health: -3/28      AC:  5    Str:  8 (9)  XL:     3   Next: 33%
Magic:  2/6        EV: 11    Int: 18 (20) God:    Vehumet [*.....]
Gold:   78         SH:  0    Dex:  8 (9)  Spells: 4/7 levels left

rFire   . . .        i - +4 dagger
rCold   . . .        (no shield)
rNeg    . . .        (body armour unavailable)
rPois   .            (helmet restricted)
rElec   .            (no cloak)
rCorr   .            (no gloves)
SInv    .            (no boots)
Will    .....        (no amulet)
Stlth   ++           (no ring)
HPRegen 0.24/turn    (no ring)
MPRegen 0.10/turn

%: no passive effects
@: no status effects
A: AC +5, unfitting armour, cold-blooded
a: Renounce Religion


You were on level 3 of the Dungeon.
You worshipped Vehumet.
Vehumet was aware of your devotion.
You visited 1 branch of the dungeon, and saw 3 of its levels.

You collected 78 gold pieces.

Inventory:

Hand Weapons
 i - a +4 dagger (weapon)
Scrolls
 b - a scroll of teleportation
 c - a scroll of silence
 d - a scroll of poison {unknown}
Potions
 a - 2 potions of magic
 g - a potion of mutation


   Skills:
 + Level 1.1 Fighting
 + Level 2.2 Dodging
 + Level 2.1 Stealth
 * Level 2.5 Spellcasting
 * Level 4.2 Conjurations


You had 4 spell levels left.
You knew the following spells:

 Your Spells              Type           Power      Damage    Failure   Level
a - Magic Dart            Conj           68%        1d6       3%          1
b - Searing Ray           Conj           34%        2d5       4%          2

Your spell library contained the following spells:

 Spells                   Type           Power      Damage    Failure   Level
 Kiss of Death            Conj/Necr      36%        2d8       8%          1
 Tukima's Dance           Hex            2%         N/A       45%         3
 Fulminant Prism          Conj/Alch      4%         3d5       58%         4
 Iskenderun's Mystic Bla Conj/Tloc 9%             2d4        (+2d1     58%         4
 Passage of Golubria      Tloc           2%         N/A       86%         4
 Yara's Violent Unravell  Hex/Alch       1%         3d3       99%         5


Dungeon Overview and Level Annotations

Branches:
Dungeon (3/15)

Altars:
Vehumet

Annotations:
D:3 Robin


Innate Abilities, Weirdness & Mutations

Your plain brown scales are hard. (AC +5)
You cannot fit into any form of body armour.
You are cold-blooded and may be slowed by cold attacks.


Message History

Confirm with . or Enter, or press ? or * to list all spells.
Aiming: Searing Ray (safe; 4% risk of failure)
Press: ? - help, Shift-Dir - straight line, f/p - phantom
Aim: a phantom (moderately damaged, 69% to hit)
The searing ray hits the phantom.
The phantom is moderately damaged. (Press . to maintain the ray.)
The adder bites you but does no damage. The dart slug bites your endoplasm.
The phantom barely misses you.
Your endoplasm hits the dart slug. Magic courses through your body.
The adder misses you. The kobold barely misses you.
The adder completely misses you.
Your endoplasm freezes the dart slug.
The dart slug is frozen.
The phantom hits you.
* * * LOW HITPOINT WARNING * * *
The phantom blinks!
You blink.
Casting: Searing Ray (safe; 4% risk of failure)
Confirm with . or Enter, or press ? or * to list all spells.
Aiming: Searing Ray (safe; 4% risk of failure)
Press: ? - help, Shift-Dir - straight line, f/p - phantom
Aim: a phantom (moderately damaged, 69% to hit)
The searing ray hits the phantom.
The phantom is heavily damaged. (Press . to maintain the ray.)
The phantom hits you.
* * * LOW HITPOINT WARNING * * *
The phantom blinks!
You blink.
Casting: Searing Ray (safe; 4% risk of failure)
Confirm with . or Enter, or press ? or * to list all spells.
Aiming: Searing Ray (safe; 4% risk of failure)
Press: ? - help, Shift-Dir - straight line, f/p - phantom
Aim: a phantom (heavily damaged, 69% to hit)
The searing ray hits the phantom.
The phantom is severely damaged. (Press . to maintain the ray.)
The phantom closely misses you.
Casting: Searing Ray (safe; 4% risk of failure)
Confirm with . or Enter, or press ? or * to list all spells.
Okay, then.
The searing ray misses the phantom.
The phantom hits you.
You die...

..# #....# ### ..# #....#
#<##.... .. ..#
#....####.#........
..####......##.#..# ....
>.....J..§§K......##..
#....w.......S.......
.###....#...##.....###### .#
#....####....W.......## .#
#..........).@........##
.####...####.............S#
.).w....................#..#
####.###.###............#
#.# .# ####.........# .w# +#
#.........# ....
#........... .....
####......... ......g
#..?.....:


You could see a phantom, an adder and a kobold.

Vanquished Creatures
  A dart slug (D:1)
  An orc (D:2)
  3 endoplasms
  A giant cockroach (D:2)
  4 goblins
  2 hobgoblins
  2 jackals (D:2)
  2 quokkas
  4 ball pythons
  2 bats
  A frilled lizard (D:2)
  5 kobolds
  6 rats
34 creatures vanquished.

Vanquished Creatures (collateral kills)
  An orc (D:3)
  A ball python (D:3)
2 creatures vanquished.

Grand Total: 36 creatures vanquished

Notes
Turn   | Place    | Note
-------+----------+-------------------------------------------
     0 | D:1      | DrunkBamboolord the Draconian Conjurer began the quest for
                  | the Orb.
     0 | D:1      | Reached XP level 1. HP: 14/14 MP: 3/3
     0 | D:1      | Upgraded the game from 0.32-a0-932-g546787307d to
                  | 0.32-a0-938-g40ac7a0f4d
   169 | D:1      | Reached XP level 2. HP: 22/22 MP: 1/5
   950 | D:2      | Learned a level 2 spell: Searing Ray
  1013 | D:2      | Found a faded altar of an unknown god.
  1021 | D:2      | Reached skill level 1 in Fighting
  1031 | D:2      | Prayed at the altar of an unknown god.
  1031 | D:2      | Became a worshipper of Vehumet
  1031 | D:2      | Reached * piety under Vehumet
  1031 | D:2      | Offered knowledge of Kiss of Death by Vehumet.
  1222 | D:2      | Reached XP level 3. HP: 28/28 MP: 4/6
  1930 | D:3      | Noticed a phantom
  1954 | D:3      | Noticed Robin
  2005 | D:3      | HP: 1/28 [phantom (3)]
  2007 | D:3      | Slain by a phantom

Illustrated notes

Levels and vault maps discovered:
D:1:      elethiomel_arrival_quiet, layout_basic
D:2:      layout_loops_ring, hellmonk_ecumenical_altar_dog_temple, minivault_24,
          chequers_serial_rivers_micro_e
D:3:      layout_basic, nicolae_qazlal_scattered_showers, serial_shops,
          nicolae_shop_pleasant_corner_grove, corner_web_ring, uniq_robin,
          uniq_ijyb, uniq_grinder

Skill      XL: |  1  2 |
---------------+-------+-----
Stealth        | 2 |  2.1
Dodging        | 2 |  2.2
Fighting       | 1 |  1.1
Spellcasting   | |  2.5
Conjurations   | |  4.2

Action                     || total
---------------------------++-------
  Melee: Dagger            ||    29
         Tailslap          ||     3
   Cast: Magic Dart        ||    58
         Searing Ray       ||     3
    Use: Scroll            ||     6
         Potion            ||     2
 Armour: Skin              ||    48
  Dodge: Dodged            ||    50

Table legend: (Time is in decaauts)
 A = Elapsed time spent in this place.
 B = Non-inter-level travel time spent in this place.
 C = Inter-level travel time spent in this place.
 D = Time resting spent in this place.
 E = Time spent auto-exploring this place.
 F = Levels seen in this place.
 G = Mean time per level.
                   A        B        C        D        E       F      G
               +--------+--------+--------+--------+--------+-----+--------+
         Total |   2005 |   1924 |     81 |      0 |   1635 |   3 |  668.3 |
       Dungeon |   2005 |   1924 |     81 |      0 |   1635 |   3 |  668.3 |
               +--------+--------+--------+--------+--------+-----+--------+

Top non-repeatable levels by time:
     D:2: 1158 daAuts
     D:1: 764 daAuts
     D:3: 82 daAuts
